 Dungeon Crawl Stone Soup version 0.14-a0-1527-g89529d6 (webtiles) character file.

82 M4edhros the Poker (level 2, -2/21 HPs)
             Began as an Octopode Chaos Knight on Dec 17, 2013.
             Was a Plaything of Xom.
             Killed by divine providence
             ... invoked by an orc priest
              (15 damage)
             ... on Level 3 of the Dungeon.
             The game lasted 00:01:20 (1241 turns).

M4edhros the Poker (Octopode Chaos Knight)          Turns: 1241, Time: 00:01:20

HP  -2/21        AC  1     Str 11      XL: 2   Next: 79%
MP   2/2         EV 12     Int 14      God: Xom
Gold 62          SH  0     Dex 11      Spells:  0 memorised,  1 level left

rFire  . . .     SeeInvis .     a - +1 orc trident
rCold  . . .     Clarity  .     (no shield)
rNeg   . . .     Conserve .     (helmet restricted)
rPois  .         rCorr    .     j - amulet of faith
rElec  .         rRot     .     m - ring of sustenance {unknown}
SustAb . .       Spirit   .     (no ring)
rMut   .         Warding  .     (no ring)
Saprov . . .     Stasis   .     (no ring)
                                (no ring)
                                (no ring)
                                (no ring)
                                (no ring)

@: not resistant to hostile enchantments, fairly stealthy
A: almost no armour, amphibious, 8 rings, constrict 8, camouflage 1, gelatinous
body 1
a: Renounce Religion


You were on level 3 of the Dungeon.
You worshipped Xom.
You were a very special plaything of Xom.
You were not hungry.

You visited 1 branch of the dungeon, and saw 3 of its levels.

You collected 62 gold pieces.

Inventory:

Hand weapons
 a - a +1,+1 orcish trident (weapon)
Comestibles
 c - a bread ration
 g - 10 strawberries
 p - a choko
 u - a pear
Scrolls
 b - 3 scrolls of fog {unknown}
 d - 2 scrolls of identify {unknown}
 i - a scroll of enchant armour {unknown}
 k - 2 scrolls of enchant weapon II {unknown}
 l - a scroll of curse armour {unknown}
 q - a scroll of magic mapping {unknown}
 r - a scroll of blinking {unknown}
 s - 2 scrolls of curse jewellery {unknown}
 t - a scroll of noise {unknown}
Jewellery
 j - an amulet of faith (around mantle)
 m - a ring of sustenance (left tentacle) {unknown}
Potions
 e - a potion of degeneration {unknown}
 f - 2 potions of confusion {unknown}
 h - a potion of mutation {unknown}
 n - a potion of heal wounds {unknown}
 o - a potion of flight {unknown}


   Skills:
 + Level 3.2 Fighting
 * Level 3.5 Polearms
 + Level 2.6 Dodging


You had one spell level left.
You didn't know any spells.

Dungeon Overview and Level Annotations

Branches:
Dungeon (3/16)

Altars:

Annotations:
D:2 Terence


Innate Abilities, Weirdness & Mutations

You cannot wear most types of armour.
You are amphibious.
You can wear up to eight rings at the same time.
You can use your tentacles to constrict many enemies at once.
Your skin changes colour to match your surroundings (Stlth).
Your rubbery body absorbs attacks (AC +1).


Message History

There are monsters nearby!
An orc comes into view. It is wielding an orcish hand axe.
The orc shouts!
Xom decides to rearrange the pieces.
The orc wields your +0,+0 spear of chaos!
You wield the orc's orcish trident!
An orc comes into view. It is wielding an orcish falchion.
Evoke which item? (* to show all) (? for menu, Esc to quit)
Okay, then.
Read which item? (? for menu, Esc to quit)
Okay, then.
Drink which item? (? for menu, Esc to quit)
Okay, then.
The orc priest mumbles some strange prayers to Beogh against you.
Something smites you!
The orc priest mumbles some strange prayers to Beogh against you.
Something smites you!
Ouch! That really hurt!
You die...
Xom laughs nastily!

#.......###########
#...<.....)........
#.......###########
##.#.##############
#.................
#.#.##...#########
#.#.##...# ###
#.#.###### #..
#@#.# #.. #.#.# #..
#.#.# ### ###.#.#
#...#.# #..o# #...#
###.# ####### #o#
.......


You could see an orc priest and an orc.

Vanquished Creatures
  A ball python (D:1)
  2 giant cockroaches (D:2)
  4 goblins
  2 kobolds
  An ooze (D:2)
  2 bats
  3 giant newts
  5 rats
20 creatures vanquished.

Notes
Turn   | Place    | Note
--------------------------------------------------------------
     0 | D:1      | M4edhros, the Octopode Chaos Knight, began the quest for the Orb.
     0 | D:1      | Reached XP level 1. HP: 16/16 MP: 1/1
   132 | D:1      | XOM: potion effect (berserk)
   502 | D:2      | Reached XP level 2. HP: 21/21 MP: 2/2
   767 | D:2      | XOM: cast spell 'Ice Form'
   827 | D:2      | XOM: god gift: choko
   881 | D:2      | XOM: harmless Tloc miscast
  1045 | D:2      | Noticed Terence
  1233 | D:3      | XOM: swap weapons
  1241 | D:3      | Killed from afar by an orc priest

Action                   || total
-------------------------++-------
Melee: Spear             ||    51
       Unarmed           ||     3
 Stab: Sleeping          ||     2
       Paralysed         ||     7
       Petrified         ||     1
